 Dungeon Crawl Stone Soup version 0.27.1-1-g398f81649c (webtiles) character file.

Game seed: 2741775601264513704

538 ZARRMARR the Conjurer (level 7, -4/45 HPs)
             Began as an Octopode Conjurer on Sept 12, 2021.
             Slain by a mummy (14 damage)
             ... in an ossuary.
             The game lasted 00:15:29 (4653 turns).

ZARRMARR the Conjurer (Octopode Conjurer)           Turns: 4653, Time: 00:15:29

Health: -4/45      AC:  1    Str:  6    XL:     7   Next: 26%
Magic:  0/11       EV: 13    Int: 23    God:
Gold:   116        SH:  0    Dex: 10    Spells: 6/11 levels left

rFire    . . .     SeeInvis .   (no weapon)
rCold    . . .     Faith    .   (no shield)
rNeg     . . .     Spirit   .   (helmet restricted)
rPois    .         Reflect  .   (no amulet)
rElec    .         Harm     .   i - ring of wizardry
rCorr    .         Rampage  .   (no ring)
Will     .....                  (no ring)
Stlth    +++.......             (no ring)
HPRegen  0.15/turn              (no ring)
MPRegen  0.12/turn              (no ring)
                                (no ring)
                                (no ring)

@: hasted, very quick
A: almost no armour, amphibious, 8 rings, camouflage 1, gelatinous body 1,
(nimble swimmer 1), tentacles
a: no special abilities


You were in an ossuary.
You visited 1 branch of the dungeon, and saw 5 of its levels.
You also visited: Ossuary.

You collected 116 gold pieces.

Inventory:

Jewellery
 i - a ring of wizardry (left tentacle)
Scrolls
 a - a scroll of enchant weapon
 b - 5 scrolls of noise
 d - a scroll of enchant armour
 h - a scroll of blinking
 j - 2 scrolls of fear
Potions
 g - a potion of curing {unknown}
 k - a potion of flight {unknown}
 l - a potion of might {unknown}


   Skills:
 + Level 2.2 Fighting
 + Level 3.2 Dodging
 + Level 4.6 Stealth
 + Level 2.9 Spellcasting
 + Level 4.7 Conjurations
 + Level 2.0 Transmutations
 + Level 2.1 Ice Magic
 + Level 1.9 Earth Magic
 + Level 2.3 Evocations


You had 6 spell levels left.
You knew the following spells:

 Your Spells              Type           Power      Damage    Failure   Level
a - Magic Dart            Conj           100%       1d8       1%          1
b - Searing Ray           Conj           50%        3d5       1%          2
c - Passwall              Tmut/Erth      10%        N/A       3%          2

Your spell library contained the following spells:

 Spells                   Type           Power      Damage    Failure   Level
 Dazzling Flash           Conj/Hex       28%        N/A       5%          3
 Swiftness                Air            3%         N/A       14%         3
 Fulminant Prism          Conj/Hex       7%         3d7       17%         4
 Iskenderun's Mystic Bla  Conj/Tloc      14%        2d5       17%         4
 Invisibility             Hex            1%         N/A       99%         6


Dungeon Overview and Level Annotations

Branches:
Dungeon (5/15)            Ossuary (1/1)
 Temple: D:4-7

Altars:
Dithmenos
Uskayaw

Annotations:
D:4 exclusions: endoplasm and goblin, Blork the orc, Edmund


Innate Abilities, Weirdness & Mutations

You cannot wear most types of armour.
You are amphibious.
You can wear up to eight rings at the same time.
Your skin changes colour to match your surroundings (Stealth+).
Your rubbery body absorbs attacks. (AC +1, EV +1)
((You are camouflaged near water. (Stealth+)))
You have tentacles for arms and can constrict up to eight enemies at once.


Message History

Unknown command.
Casting: Searing Ray (safe; 1% risk of failure)
Confirm with . or Enter, or press ? or * to list all spells.
Aiming: Searing Ray (safe; 1% risk of failure)
Press: ? - help, Shift-Dir - straight line, f - mummy
Aim: a mummy (90% to hit)
The searing ray hits the mummy.
The mummy is moderately damaged. (Press . to maintain the ray.) Unknown command.
The searing ray hits the mummy!
The mummy is severely damaged.
The mummy closely misses you.
Unknown command.
The searing ray hits the mummy!
You destroy the mummy!
Your Transmutations skill increases to level 2!
Unknown command.
Unknown command.
Casting: Searing Ray (safe; 1% risk of failure)
Confirm with . or Enter, or press ? or * to list all spells.
You don't know that spell.
Unknown command.
Unknown command.
Casting: Searing Ray (safe; 1% risk of failure)
Confirm with . or Enter, or press ? or * to list all spells.
Restarting spell: Searing Ray (safe; 1% risk of failure)
Press: ? - help, Shift-Dir - straight line, f - mummy
Aim: a mummy (90% to hit)
The searing ray hits the mummy!
The mummy is heavily damaged. (Press . to maintain the ray.)
The mummy misses you. The mummy hits you.
The searing ray misses the mummy.
The mummy hits you. The mummy hits you!!
* * * LOW HITPOINT WARNING * * *
Unknown command.
Okay, then.
It was a potion of cancellation.
You feel magically purged.
It was a potion of haste.
You feel yourself speed up. The mummy hits you!
You die...

#####
##...##
#.....#
#..MM.#
#..@..#
#.....#
#..∩..#
#.....#
#..∩..#
#.....#
#.....#
#^....#
Z..^..Z


You could see 2 mummies.

Vanquished Creatures
  A black bear (D:4)
  2 ogres (D:5)
  A centaur (D:5)
  An orc priest (D:4)
  A mummy (Ossuary)
  6 adders
  An ufetubus (D:5)
  An adder skeleton (D:4)
  3 worms
  6 orcs
  9 ball pythons
  8 endoplasms
  5 giant cockroaches
  6 goblins
  4 hobgoblins
  8 jackals
  4 quokkas (D:2)
  6 bats
  A frilled lizard (D:3)
  4 kobolds
  6 rats
84 creatures vanquished.

Notes
Turn   | Place    | Note
-------+----------+-------------------------------------------
     0 | D:1      | ZARRMARR the Octopode Conjurer began the quest for the Orb.
     0 | D:1      | Reached XP level 1. HP: 11/11 MP: 3/3
   524 | D:1      | Reached XP level 2. HP: 17/17 MP: 3/5
   996 | D:1      | Found a faded altar of an unknown god.
  1159 | D:1      | Learned a level 2 spell: Searing Ray
  1162 | D:1      | Learned a level 2 spell: Passwall
  1268 | D:2      | Reached XP level 3. HP: 11/22 MP: 0/6
  1539 | D:2      | Found a shadowy altar of Dithmenos.
  1850 | D:2      | Reached skill level 1 in Evocations
  2010 | D:2      | Reached XP level 4. HP: 27/27 MP: 3/7
  2525 | D:3      | Reached skill level 1 in Fighting
  2525 | D:3      | Reached skill level 1 in Ice Magic
  3355 | D:3      | Reached XP level 5. HP: 33/33 MP: 1/8
  3493 | D:3      | Reached skill level 1 in Transmutations
  3571 | D:3      | Found a hide-covered altar of Uskayaw.
  3670 | D:4      | Reached skill level 1 in Earth Magic
  3898 | D:4      | Noticed Blork the orc
  3933 | D:4      | Noticed a black bear
  3940 | D:4      | Killed a black bear
  3941 | D:4      | Reached XP level 6. HP: 39/39 MP: 0/9
  4019 | D:4      | Noticed Edmund
  4212 | D:4      | Identified the +1 leather armour of Disaster {Regen+ rCorr
                  | MP+9 Str-3}
  4453 | D:5      | Entered Level 5 of the Dungeon
  4483 | D:5      | Reached XP level 7. HP: 28/45 MP: 2/11
  4635 | D:5      | Found a sand-covered staircase.
  4644 | Ossuary  | Entered an ossuary
  4653 | Ossuary  | Slain by a mummy

Illustrated notes

Levels and vault maps discovered:
D:1:      dpeg_arrival_boxorama, layout_basic, ebering_ecumenical_altar_box
D:2:      layout_loops_ring, basic_altar
D:3:      layout_loops_ring, general_overflow_altar, minmay_misc_feat_rugged
D:4:      layout_basic, uniq_edmund, uniq_blork_the_orc, uniq_pikel
D:5:      layout_rooms, minmay_temple_entry_large_hall,
          nicolae_ossuary_entry_ruins, lemuel_old_faithful
Ossuary:  ossuary_the_hunt_dpeg

Skill      XL: |  1  2  3  4  5  6  7 |
---------------+----------------------+-----
Stealth        | 3 4 |  4.6
Evocations     | 1 2 |  2.3
Fighting       | 1 2 |  2.2
Ice Magic      | 1 2 |  2.1
Transmutations | 1 2 |  2.0
Earth Magic    | 1 |  1.9
Dodging        | 3 |  3.2
Spellcasting   | |  2.9
Conjurations   | |  4.7

Action                   |  1- 3 |  4- 6 |  7- 9 || total
-------------------------+-------+-------+-------++-------
Melee: Unarmed           |    30 |    13 |     4 ||    47
       Constrict         |     6 |     2 |       ||     8
       Tentacles         |     4 |     1 |       ||     5
 Cast: Magic Dart        |    64 |    70 |     2 ||   136
       Searing Ray       |     3 |    16 |     6 ||    25
  Use: Scroll            |     3 |     4 |       ||     7
       Potion            |       |     2 |     3 ||     5
Armor: Skin              |     4 |     4 |    15 ||    23
Dodge: Dodged            |    17 |    11 |     4 ||    32
